 Dungeon Crawl Stone Soup version 0.27-a0-1177-g245c70e1c0 (webtiles) character file.

Game seed: 13346469089968442917

151 benadryl the Ruffian (level 5, 0/49 HPs)
             Began as a Troll Transmuter on May 16, 2021.
             Slain by Sigmund
             ... wielding a +0 scythe
              (9 damage)
             ... on level 3 of the Dungeon.
             The game lasted 00:01:11 (1701 turns).

benadryl the Ruffian (Troll Transmuter)             Turns: 1701, Time: 00:01:11

Health: 0/49       AC:  4    Str: 18    XL:     5   Next: 11%
Magic:  6/6        EV:  9    Int: 10    God:
Gold:   81         SH:  0    Dex: 10    Spells: 6/7 levels left

rFire    . . .     SeeInvis .     - Unarmed
rCold    . . .     Faith    .   (no shield)
rNeg     . . .     Spirit   .   a - +0 robe
rPois    .         Reflect  .   (helmet currently unavailable)
rElec    .         Harm     .   (no cloak)
rCorr    .         Rampage  .   (gloves unavailable)
Will     .....                  (boots unavailable)
Stlth    +.........             (no amulet)
HPRegen  1.16/turn              (no ring)
MPRegen  0.10/turn              (no ring)

@: confused, appendages (expiring)
A: horns 2, talons 2, large, unfitting armour, claws 3, regeneration 1, shaggy
fur 1, tough skin 1
a: End Transformation


You were on level 3 of the Dungeon.
You had temporarily grown beastly horns and talons.
You visited 1 branch of the dungeon, and saw 3 of its levels.

You collected 81 gold pieces.

Inventory:

Armour
 a - a +0 robe (worn)
Jewellery
 c - a +4 ring of protection
 l - a ring of poison resistance
Scrolls
 d - a scroll of amnesia {unknown}
 e - a scroll of teleportation {unknown}
 f - a scroll of blinking {unknown}
Potions
 b - a potion of might {unknown}
 g - a potion of mutation {unknown}
 h - a potion of attraction {unknown}
 i - 2 potions of degeneration {unknown}
 j - a potion of curing {unknown}
 k - a potion of berserk rage {unknown}


   Skills:
 + Level 1.8 Fighting
 - Level 1.5 Dodging
 + Level 3.6 Unarmed Combat
 + Level 1.9 Spellcasting
 * Level 2.7 Transmutations


You had 6 spell levels left.
You knew the following spells:

 Your Spells              Type           Power      Damage    Failure   Level
a - Beastly Appendage     Tmut           12%        N/A       11%         1

Your spell library contained the following spells:

 Spells                   Type           Power      Damage    Failure   Level
 Wereblood                Tmut           6%         N/A       16%         2
 Summon Small Mammal      Summ           0%         N/A       32%         1
 Call Imp                 Summ           0%         N/A       43%         2
 Spider Form              Tmut/Pois      1%         N/A       50%         3
 Call Canine Familiar     Summ           0%         N/A       67%         3
 Summon Guardian Golem    Hex/Summ       0%         N/A       67%         3
 Ice Form                 Ice/Tmut       3%         N/A       88%         4
 Hydra Form               Tmut           3%         N/A       96%         5
 Summon Ice Beast         Ice/Summ       0%         N/A       97%         4
 Summon Lightning Spire   Summ/Air       0%         N/A       97%         4


Dungeon Overview and Level Annotations

Branches:
Dungeon (3/15)

Altars:

Shops:
D:2 !

Annotations:
D:3 Sigmund


Innate Abilities, Weirdness & Mutations

You have temporarily grown beastly horns and talons.
You are too large for most types of armour.
You have claws for hands.
Your natural rate of healing is unusually fast.
You are covered in fur. (AC +1)
You have tough skin. (AC +1)


Message History

You claw the quokka!
You kill the quokka!
HP restored.
You now have 77 gold pieces (gained 9).
You now have 81 gold pieces (gained 4).
Sigmund the Dreaded comes into view.
He is wielding a +0 scythe and wearing a +0 robe of cold resistance.
Sigmund shouts!
A quokka comes into view.
Casting: Beastly Appendage (safe; 11% risk of failure)
Confirm with . or Enter, or press ? or * to list all spells.
You grow a pair of large bovine horns.
Your feet morph into talons.
Sigmund points at himself and mumbles some strange words.
Sigmund flickers and vanishes!
Deactivating autopickup; reactivate with Ctrl-A.
A bat comes into view.
The bat moves out of view.
Something hits you! The bat hits you but does no damage.
You closely miss the quokka. The bat hits you.
Something hits you but does no damage.
The quokka bites you but does no damage.
You barely miss the quokka. The bat hits you but does no damage.
Something hits you.
The quokka bites you but does no damage.
You claw the quokka!
You kill the quokka!
Your transformation is almost over.
The bat hits you.
You hear some strange, mumbled words.
You are confused.
Something hits you! The bat barely misses you.
You bump into the rock wall.
The bat barely misses you. Something hits you.
You bump into the rock wall.
Something hits you but does no damage. The bat hits you but does no damage.
The bat hits you but does no damage. Something hits you!
* * * LOW HITPOINT WARNING * * *
You're too confused to move!
Something hits you!
* * * LOW HITPOINT WARNING * * *
The bat hits you but does no damage.
You bump into the rock wall.
The bat barely misses you. Something hits you!
You die...

########.............
# #............ #
#........######## #
#................ #
#.........#### #
#.#######.# #### #
#.# #.# ..... # #.#
##.#...... # #.
#[@.b..... #
#...{..... #
........#.. #
..........#
..............
...^.....##.#.#
.........# .#.#
.........# #


You could see a bat.

Vanquished Creatures
  Natasha (thrice) (D:2)
  A howler monkey zombie (D:2)
  2 adders (D:2)
  A gnoll (D:1)
  A dart slug (D:1)
  5 ball pythons
  A bat (D:2)
  An endoplasm (D:2)
  2 giant cockroaches (D:1)
  5 goblins
  3 hobgoblins
  4 kobolds
  4 quokkas
  A frilled lizard (D:1)
  5 rats
39 creatures vanquished.

Notes
Turn   | Place    | Note
-------+----------+-------------------------------------------
     0 | D:1      | benadryl the Troll Transmuter began the quest for the Orb.
     0 | D:1      | Reached XP level 1. HP: 18/18 MP: 1/1
   199 | D:1      | Reached skill level 1 in Fighting
   282 | D:1      | Reached XP level 2. HP: 27/27 MP: 3/3
   550 | D:1      | Reached XP level 3. HP: 31/33 MP: 4/4
   689 | D:1      | Found a faded altar of an unknown god.
  1074 | D:2      | Noticed Natasha
  1080 | D:2      | Killed Natasha
  1106 | D:2      | Noticed Natasha
  1113 | D:2      | Killed Natasha
  1114 | D:2      | Reached XP level 4. HP: 34/41 MP: 3/5
  1115 | D:2      | Found Toennim's Distillery.
  1233 | D:2      | Noticed Natasha
  1256 | D:2      | Killed Natasha
  1257 | D:2      | Reached XP level 5. HP: 33/49 MP: 6/6
  1689 | D:3      | Noticed Sigmund
  1701 | D:3      | Slain by Sigmund

Illustrated notes

Levels and vault maps discovered:
D:1:      ebering_trefoil_twist, layout_basic, basic_ecumenical_altar
D:2:      layout_rooms, serial_shops, shop_statue, mrwooster_statue_mirror,
          uniq_natasha
D:3:      layout_basic, uniq_sigmund

Skill      XL: |  1  2 |
---------------+-------+-----
Fighting       | 1 |  1.8
Transmutations | 2 |  2.7
Dodging        | |  1.5
Unarmed Combat | |  3.6
Spellcasting   | |  1.9

Action                   |  1- 3 |  4- 6 || total
-------------------------+-------+-------++-------
Melee: Unarmed           |    72 |    53 ||   125
       Headbutt          |     1 |     1 ||     2
       Punch             |       |     1 ||     1
 Cast: Beastly Appendage |     1 |     1 ||     2
Armor: Robe              |    15 |    23 ||    38
Dodge: Dodged            |    25 |    29 ||    54

Table legend: (Time is in decaauts)
 A = Elapsed time spent in this place.
 B = Non-inter-level travel time spent in this place.
 C = Inter-level travel time spent in this place.
 D = Time resting spent in this place.
 E = Time spent auto-exploring this place.
 F = Levels seen in this place.
 G = Mean time per level.
                   A        B        C        D        E       F      G
               +--------+--------+--------+--------+--------+-----+--------+
         Total |   1708 |   1626 |     82 |    106 |   1245 |   3 |  569.3 |
       Dungeon |   1708 |   1626 |     82 |    106 |   1245 |   3 |  569.3 |
               +--------+--------+--------+--------+--------+-----+--------+

Top non-repeatable levels by time:
     D:1: 1047 daAuts
     D:2: 544 daAuts
     D:3: 116 daAuts
